cohdb
Replays
Latest Replays
All Replays
Popular Replays
Top Player Replays
Match Explorer
How It Works
Community
CoH3 Stats
Reddit
Sign in to upload your games and track your stats! →
Sign in with Steam
Match 40495410
Unlisted
Match 40495410
Overview
Messages
Build Orders
End
Kradschützen Motorcycle Team
Panzerpioneer Squad
250 Light Carrier
Selects Armored Support Battlegroup
Panzergrenadier Squad
Construct Light Support Kompanie
Selects Superior Fire Drills
Assault Grenadier Squad
MG34 Team
Construct Mechanized Kompanie
Selects Salvage Kits
Panzergrenadier Squad
Support Armor Elements
Selects Flammpanzer III Medium Tank
StuG III D Assault Gun
Pak 38 Anti-tank Gun Team
2.5-tonne Medical Truck
Selects Command Panzer IV F Medium Tank
Pak 38 Anti-tank Gun Team
Bundy
『BlackBear』
0
0
Comments
sign in to comment!
No comments posted yet!